 Dungeon Crawl Stone Soup version 0.25.1-2-g60ff931df9 (webtiles) character file.

Game seed: 16438903232078298967

49 hawla the Skirmisher (level 3, -2/34 HPs)
             Began as a Minotaur Berserker on Oct 28, 2020.
             Was a Believer of Trog.
             Slain by an orc priest
             ... wielding a +0 short sword
              (8 damage)
             ... on level 2 of the Dungeon.
             The game lasted 00:01:47 (1266 turns).

hawla the Skirmisher (Minotaur Berserker)           Turns: 1266, Time: 00:01:48

Health: -2/34      AC:  2    Str: 22    XL:     3   Next: 51%
Magic:  2/2        EV: 13    Int:  4    God:    Trog [**....]
Gold:   122        SH:  0    Dex:  9    Spells: 2/2 levels left

rFire    . . .     SeeInvis .   e - +5 short sword
rCold    . . .     Gourm    .   (no shield)
rNeg     . . .     Faith    .   b - +0 animal skin
rPois    .         Spirit   .   (helmet restricted)
rElec    .         Reflect  .   (no cloak)
rCorr    .         Harm     .   (no gloves)
MR       .....                  (no boots)
Stlth    +.........             (no amulet)
HPRegen  0.11/turn              (no ring)
MPRegen  0.08/turn              (no ring)

@: flying
A: retaliatory headbutt, horns 2
a: Berserk, Trog's Hand, Renounce Religion


You were on level 2 of the Dungeon.
You worshipped Trog.
Trog was pleased with you.
You were not hungry.

You visited 1 branch of the dungeon, and saw 2 of its levels.

You collected 122 gold pieces.

Inventory:

Hand Weapons
 a - a +0 falchion
 e - a +5 short sword (weapon)
Armour
 b - a +0 animal skin (worn)
Scrolls
 g - 3 scrolls of identify
 h - a scroll of teleportation {unknown}
 i - a scroll of enchant armour {unknown}
Comestibles
 c - 5 rations
 f - 4 chunks of flesh


   Skills:
 + Level 4.3 Fighting
 + Level 4.2 Long Blades
 + Level 2.5 Armour
 * Level 3.1 Dodging


You had 2 spell levels left.
You didn't know any spells.
Your spell library was empty.

Dungeon Overview and Level Annotations

Branches:
Dungeon (2/15)

Altars:
Cheibriados
Sif Muna
Trog


Innate Abilities, Weirdness & Mutations

You reflexively headbutt those who attack you in melee.
You have a pair of horns on your head.


Message History

You see here a +0 leather armour.
You puncture the orc priest!
The orc priest is heavily wounded.
The orc priest hits you with a +0 short sword!
* * * LOW HITPOINT WARNING * * *
You barely miss the orc priest.
The orc priest is heavily wounded.
The orc priest hits you with a +0 short sword.
* * * LOW HITPOINT WARNING * * *
You barely miss the orc priest. You headbutt the orc priest.
The orc priest is severely wounded.
The orc priest hits you but does no damage.
You completely miss the orc priest. Your headbutt misses the orc priest.
The orc priest is severely wounded.
The orc priest barely misses you.
You feel very buoyant.
You fly up into the air.
The orc priest casts a cantrip, but nothing happens.
The orc priest hits you with a +0 short sword!
You die...

#. #....#.########
#....#........##
#....###.......#####
#....+.............#
####$...###...#.#.###.# #
#.................###.##
##.###...#####.#.#.........
........oo@))............>#
........o#####......#.....#
#######..# ##.#####.#..##
...o...oo# #.......<....
.........# #########..#.
.........# #....#.
.........# #.#..##
.........# #.#<.#
.........# #<#..#


You could see 2 orc priests and an orc.

Vanquished Creatures
  An adder (D:2)
  A worm (D:2)
  A leopard gecko (D:2)
  4 orcs (D:2)
  5 bats (D:1)
  A giant cockroach (D:2)
  3 goblins
  4 hobgoblins
  4 jackals (D:1)
  3 frilled lizards (D:2)
  A kobold (D:1)
  3 rats
31 creatures vanquished.

Notes
Turn   | Place    | Note
-------+----------+-------------------------------------------
     0 | D:1      | hawla the Minotaur Berserker began the quest for the Orb.
     0 | D:1      | Reached XP level 1. HP: 19/19 MP: 0/0
   281 | D:1      | Reached XP level 2. HP: 26/27 MP: 1/1
  1007 | D:2      | Reached ** piety under Trog
  1033 | D:2      | Found a bloodstained altar of Trog.
  1074 | D:2      | Reached XP level 3. HP: 30/33 MP: 2/2
  1113 | D:2      | Found a snail-covered altar of Cheibriados.
  1118 | D:2      | Found a shimmering blue altar of Sif Muna.
  1266 | D:2      | Slain by an orc priest

Illustrated notes

Levels and vault maps discovered:
D:1:      grunt_arrival_crossed_arrows, layout_loops_ring, st_stairs_5,
          minivault_5
D:2:      cheibrodos_pilgrimage, layout_basic, lemuel_round_altar, minitemple,
          first_ration, uniq_robin

Skill      XL: |  1  2  3 |
---------------+----------+-----
Long Blades    | 4 |  4.2
Fighting       | 4 |  4.3
Dodging        | 3 |  3.1
Armour         | |  2.5

Action                   || total
-------------------------++-------
Melee: Falchion          ||    23
       Short sword       ||    27
       Headbutt          ||     6
  Use: Scroll            ||     2
       Potion            ||     1
 Stab: Sleeping          ||     1
  Eat: Chunk             ||     1
Armor: Animal skin       ||    13
Dodge: Dodged            ||    36
       Rpst.: Falchion   ||     8
